 Dungeon Crawl Stone Soup version 0.17.1-3-g152610e (webtiles) character file.

77 Jerry the Shield-Bearer (level 4, -2/37 HPs)
             Began as a Formicid Fighter on Mar 8, 2016.
             Killed from afar by an orc wizard (9 damage)
             ... with a puff of flame
             ... on level 3 of the Dungeon.
             The game lasted 00:07:22 (1584 turns).

Jerry the Shield-Bearer (Formicid Fighter)          Turns: 1584, Time: 00:07:22

Health: -2/37      AC:  8    Str: 20    XL:     4   Next: 60%
Magic:  4/4        EV:  8    Int: 12    God:
Gold:   124        SH:  9    Dex: 11    Spells: 0 memorised, 3 levels left

rFire  . . .     SeeInvis +     a - +0 long sword
rCold  . . .     Clarity  .     b - +0 scale mail
rNeg   + . .     SustAt   .     c - +0 shield
rPois  .         Gourm    .     (helmet unavailable)
rElec  .         Spirit   .     (no cloak)
rCorr  .         Warding  +     h - +0 pair of gloves
rMut   .         Stasis   +     (no boots)
MR     .....                    g - amulet of warding
Stlth  ..........               (no ring)
                                r - +4 ring of intelligence

@: not resistant to hostile enchantments, extremely unstealthy
A: permanent stasis, dig shafts and tunnels, four strong arms, antennae 3
a: Dig, Shaft Self


You were on level 3 of the Dungeon.
You were hungry.

You visited 1 branch of the dungeon, and saw 3 of its levels.

You collected 124 gold pieces.

Inventory:

Hand Weapons
 a - a +0 long sword (weapon)
Armour
 b - a +0 scale mail (worn)
 c - a +0 shield (worn)
 h - a +0 pair of gloves (worn)
 s - a +0 cloak
Jewellery
 g - an amulet of warding (around neck)
 r - a +4 ring of intelligence (left hand)
Scrolls
 i - 3 scrolls of fear {unknown}
 j - 3 scrolls of identify {unknown}
 p - a scroll of magic mapping {unknown}
 t - a scroll of amnesia {unknown}
Potions
 d - a potion of might
 f - a potion of heal wounds {unknown}
 k - 2 potions of haste {unknown}
 l - 2 potions of flight {unknown}
 n - a potion of poison {unknown}
 o - a potion of curing {unknown}
Comestibles
 e - 4 bread rations
 q - 2 chunks of flesh
 u - a meat ration


   Skills:
 + Level 3.8 Fighting
 + Level 2.7 Long Blades
 + Level 3.8 Armour
 + Level 4.6 Shields


You had 3 spell levels left.
You didn't know any spells.

Dungeon Overview and Level Annotations

Branches:
Dungeon (3/15)

Altars:
Ashenzari
Elyvilon

Annotations:
D:3 Grinder


Innate Abilities, Weirdness & Mutations

You are under a permanent stasis effect.
You can dig through walls and to a lower floor.
Your four strong arms can wield two-handed weapons with a shield.
You have a pair of large antennae on your head (SInv).


Message History

The puff of frost hits you!
* * * LOW HITPOINT WARNING * * *
You block the orc's attack.
The orc wizard hits you but does no damage.
The rat barely misses you.
Read which item? (? for menu, Esc to quit)
As you read the scroll labeled DIHYJA SOWKAO, it crumbles to dust.
Formicids cannot teleport.
It was a scroll of blinking.
The orc wizard gestures at you while chanting.
The puff of flame hits you!
* * * LOW HITPOINT WARNING * * *
The orc hits you with a club.
* * * LOW HITPOINT WARNING * * *
You block the rat's attack. The orc wizard casts a spell at you.
The magic dart hits you! You block the orc wizard's attack.
The orc wizard casts a spell at you. The puff of flame hits you!
You die...

#...#.....#..........
########..........#...####
#.......)#†.....#.##.<.#
#.......†##....##.##...####
#........##....##.###......
#........###....#.#....###.
#........#####.............
#.........####.(...........
#.........@....(...%.......
#.......o####.....<........
#.....r..# #..............
######o### .>..###.###.....
#..roo.###.#. #.. ##....
#....ooo...# ........#..
####..............#.##.#..
#....#....#)#####.#......#
#.......#.# # #.####..##


You could see an orc wizard, 2 orcs and 2 rats.

Vanquished Creatures
  4 adders
  An ooze (D:1)
  2 giant geckos (D:2)
  A giant cockroach (D:1)
  3 goblins
  4 hobgoblins
  4 jackals (D:3)
  A ball python (D:2)
  7 bats
  A giant newt (D:3)
  10 kobolds
  4 rats
42 creatures vanquished.

Vanquished Creatures (others)
  4 toadstools (D:1)
4 creatures vanquished.

Grand Total: 46 creatures vanquished

Notes
Turn   | Place    | Note
--------------------------------------------------------------
     0 | D:1      | Jerry the Formicid Fighter began the quest for the Orb.
     0 | D:1      | Reached XP level 1. HP: 18/18 MP: 1/1
    46 | D:1      | Reached skill level 4 in Shields
   107 | D:1      | Reached XP level 2. HP: 24/24 MP: 2/2
   349 | D:1      | Reached XP level 3. HP: 24/29 MP: 3/3
   874 | D:2      | Reached XP level 4. HP: 20/37 MP: 4/4
  1218 | D:2      | Found a white marble altar of Elyvilon.
  1240 | D:2      | Found a shattered altar of Ashenzari.
  1578 | D:3      | Noticed Grinder
  1584 | D:3      | Killed from afar by an orc wizard

Action                   |  1- 3 |  4- 6 || total
-------------------------+-------+-------++-------
Melee: Long sword        |   113 |    78 ||   191
  Use: Scroll            |       |     1 ||     1
  Eat: Chunk             |       |     2 ||     2
